 Dungeon Crawl Stone Soup version 0.17-a0-1831-gaadb308 (webtiles) character file.

6661 ololoev the Destroyer (level 10, -12/69 HPs)
             Began as a Green Draconian Conjurer on Sept 14, 2015.
             Was a Believer of Vehumet.
             Mangled by Erolcha
             ... wielding a +0 giant spiked club
              (27 damage)
             ... on level 11 of the Dungeon.
             The game lasted 00:31:03 (10719 turns).

ololoev the Destroyer (Green Draconian Conjurer)   Turns: 10719, Time: 00:31:04

Health: -12/69     AC:  9    Str: 13    XL:     10   Next: 73%
Magic:  13/22      EV: 12    Int: 22    God:    Vehumet [**....]
Gold:   390        SH:  0    Dex: 12    Spells: 6 memorised, 12 levels left

rFire  . . .     SeeInvis .     a - +6 scimitar of Ocreyb {slice, +Rage MR+ Str+2 Int+4}
rCold  . . .     Clarity  +     (armour unavailable)
rNeg   . . .     SustAt   .     (no shield)
rPois  +         Gourm    .     (helmet restricted)
rElec  .         Spirit   .     C - +0 cloak
rCorr  .         Warding  .     y - +0 pair of gloves
rMut   .         Stasis   .     (no boots)
MR     +....                    H - amulet of clarity
Stlth  ++........               (no ring)
                                c - ring of wizardry

@: somewhat resistant to hostile enchantments, unstealthy
A: breathe noxious fumes, unfitting armour, stinger 1, berserk 1, poison
resistance, cold-blooded, AC +7
a: Breathe Noxious Fumes, Renounce Religion, Evoke Berserk Rage


Innate Abilities, Weirdness & Mutations

You can breathe blasts of noxious fumes.
Your lurid green scales are hard (AC +7).
Your body does not fit into most forms of armour.
Your system is resistant to poisons.
You are cold-blooded and may be slowed by cold attacks.
Your tail ends in a poisonous barb.
You tend to lose your temper in combat.

Inventory:

Hand weapons
 a - the +6 scimitar of Ocreyb (weapon) {slice, +Rage MR+ Str+2 Int+4}
   (You bought it in a shop on level 4 of the Dungeon)

   It inflicts extra damage upon your enemies.
   It affects your strength (+2).
   It affects your intelligence (+4).
   It affects your resistance to hostile enchantments.
   It lets you go berserk.
Armour
 y - a +0 pair of gloves (worn)
 C - a +0 cloak (worn)
 I - the +1 ring mail of Articulation {rF+ rC+ Int-3 Dex+2, unknown}
   (You found it on level 7 of the Dungeon)

   It affects your intelligence (-3).
   It affects your dexterity (+2).
   It protects you from fire.
   It protects you from cold.
 J - the cursed +0 robe "Juwk" {rF- MR++ rCorr, unknown}
   (You found it on level 9 of the Dungeon)

   It makes you vulnerable to fire.
   It affects your resistance to hostile enchantments.
   It protects you from acid and corrosion.
   It has a curse placed upon it.
Jewellery
 c - a ring of wizardry (left hand)
 G - an uncursed ring of fire
 H - an amulet of clarity (around neck)
Magical devices
 q - a wand of teleportation (4)
 v - a wand of paralysis (9)
Scrolls
 d - 4 scrolls of teleportation {unknown}
 f - 3 scrolls of amnesia {unknown}
 h - 2 scrolls of blinking {unknown}
 i - 2 scrolls of enchant armour {unknown}
 j - 2 scrolls of enchant weapon {unknown}
 l - 10 scrolls of identify {unknown}
 m - 2 scrolls of random uselessness {unknown}
 n - 3 scrolls of remove curse {unknown}
 o - 3 scrolls of fog {unknown}
 p - 3 scrolls of noise {unknown}
 t - 5 scrolls of recharging {unknown}
 D - a scroll of magic mapping {unknown}
 F - a scroll of silence {unknown}
Potions
 e - 4 potions of heal wounds {unknown}
 r - 3 potions of haste {unknown}
 s - a potion of magic {unknown}
 u - 5 potions of curing
 w - 3 potions of flight {unknown}
 z - a potion of agility {unknown}
 A - 2 potions of poison {unknown}
 B - a potion of lignification
 E - a potion of might
Books
 x - a book of Conjurations

   Spells                             Type                      Level
   a - Magic Dart                     Conjuration                  1
   b - Searing Ray                    Conjuration                  2
   c - Dazzling Spray                 Conjuration/Hexes            3
   d - Fulminant Prism                Conjuration/Hexes            4
   e - Iskenderun's Mystic Blast      Conjuration                  4
   f - Iskenderun's Battlesphere      Conjuration/Charms           5
Comestibles
 b - 3 bread rations
 g - 5 beef jerkies
 k - 8 meat rations
 L - 15 fruits


   Skills:
 - Level 1.7 Dodging
 - Level 1.7 Stealth
 + Level 8.3 Spellcasting
 + Level 12.4 Conjurations
 - Level 5.6 Charms
 * Level 3.0 Fire Magic


You had 12 spell levels left.
You knew the following spells:

 Your Spells              Type           Power        Failure   Level  Hunger
a - Magic Dart            Conj           ####         1%          1    None
b - Searing Ray           Conj           ######       1%          2    None
c - Iskenderun's Battles  Conj/Chrm      #####...     2%          5    #####..
d - Apportation           Tloc           #.........   4%          1    None
e - Blink                 Tloc           N/A          4%          2    None
f - Throw Flame           Conj/Fire      #####.       1%          2    None


You were on level 11 of the Dungeon.
You worshipped Vehumet.
Vehumet was pleased with you.
You were not hungry.

You visited 2 branches of the dungeon, and saw 12 of its levels.

You collected 606 gold pieces.
You spent 216 gold pieces at shops.

#.####### ########
#.# #.# #.# #.# #)#
#)#
#.#################
#.@...<............
#..................
###################

Notes
Turn   | Place    | Note
--------------------------------------------------------------
     0 | D:1      | ololoev the Draconian Conjurer began the quest for the Orb.
     0 | D:1      | Reached XP level 1. HP: 14/14 MP: 3/3
   424 | D:1      | Reached XP level 2. HP: 20/20 MP: 0/5
   436 | D:1      | Learned a level 2 spell: Searing Ray
  1000 | D:2      | Noticed Ijyb
  1062 | D:2      | Killed Ijyb
  1062 | D:2      | Reached XP level 3. HP: 26/26 MP: 1/7
  1639 | D:2      | Reached XP level 4. HP: 31/33 MP: 8/8
  1653 | D:2      | Found a blossoming altar of Fedhas.
  1680 | D:2      | You fall through a shaft!
  1727 | D:3      | Reached skill level 5 in Conjurations
  1747 | D:3      | Noticed Grinder
  1758 | D:3      | Paralysed by Grinder for 2 turns
  1762 | D:3      | Paralysed by Grinder for 2 turns
  1770 | D:3      | Killed Grinder
  1770 | D:3      | Reached skill level 6 in Conjurations
  1770 | D:3      | Reached XP level 5. HP: 30/38 MP: 6/10
  1770 | D:3      | Reached XP level 6. HP: 35/45 MP: 6/11
  1791 | D:3      | Learned a level 5 spell: Iskenderun's Battlesphere
  2041 | D:3      | Noticed Robin
  2051 | D:3      | Killed Robin
  2292 | D:3      | Noticed an ogre
  2326 | D:3      | Killed an ogre
  2326 | D:3      | Reached skill level 1 in Charms
  2871 | D:3      | Noticed Terence
  2881 | D:3      | Killed Terence
  3013 | D:3      | Noticed an ogre
  3032 | D:3      | Killed an ogre
  3032 | D:3      | Reached skill level 7 in Conjurations
  3032 | D:3      | Your scales start taking on a lurid green colour.
  3032 | D:3      | Gained mutation: Your system is resistant to poisons. [Green Draconian growth]
  3032 | D:3      | Reached XP level 7. HP: 34/50 MP: 0/13
  3248 | D:4      | Noticed Dowan
  3251 | D:4      | Noticed Duvessa
  3253 | D:4      | Killed Dowan
  3368 | D:4      | Killed Duvessa
  3482 | D:4      | Noticed Pikel
  3501 | D:4      | Killed Pikel
  3501 | D:4      | Reached skill level 5 in Spellcasting
  3501 | D:4      | Reached skill level 8 in Conjurations
  3501 | D:4      | Reached XP level 8. HP: 33/57 MP: 1/15
  3740 | D:4      | Found Vuthracu's Antique Weapon Shop.
  3747 | D:4      | Bought a crystal scimitar for 216 gold pieces
  3747 | D:4      | Identified the +6 scimitar of Ocreyb {slice, +Rage MR+ Str+2 Int+4} (You bought it in a shop on level 4 of the Dungeon)
  3904 | D:4      | Found an iron altar of Okawaru.
  4295 | D:5      | Entered Level 5 of the Dungeon
  4558 | D:5      | Reached skill level 9 in Conjurations
  5798 | D:6      | Reached XP level 9. HP: 59/62 MP: 3/18
  6096 | D:6      | Found a sacrificial altar of Ru.
  6201 | D:6      | Found an opulent altar of Gozag.
  6391 | D:7      | Reached skill level 10 in Conjurations
  6469 | D:7      | Learned a level 1 spell: Apportation
  6472 | D:7      | Learned a level 2 spell: Blink
  6486 | D:7      | Found a staircase to the Ecumenical Temple.
  6534 | D:7      | Found a shattered altar of Ashenzari.
  6537 | Temple   | Entered the Ecumenical Temple
  6651 | D:7      | Gained mutation: Your tail ends in a poisonous barb. [mutagenic meat]
  6652 | D:7      | Gained mutation: You are frail (-10% HP). [mutagenic meat]
  6654 | D:7      | Lost mutation: You are frail (-10% HP). [mutagenic meat]
  6655 | D:7      | Gained mutation: You tend to lose your temper in combat. [mutagenic meat]
  6758 | D:7      | Found a bloodstained altar of Trog.
  6779 | D:7      | Reached skill level 5 in Charms
  6783 | D:7      | Found a basalt altar of Yredelemnul.
  6786 | D:7      | Got an ancient ring mail
  7005 | D:7      | Found a shattered altar of Ashenzari.
  7165 | D:7      | Found a stormy altar of Qazlal.
  7386 | D:7      | Got a crude mace
  7389 | D:7      | Got an ivory mace
  7390 | D:7      | Identified the +7 mace of Moderation {crush, *Rage rF+ Dex+2} (You found it on level 7 of the Dungeon)
  7391 | D:7      | Identified the +10 mace of Moeschojae {drain, rF+ Str+3} (You found it on level 7 of the Dungeon)
  7394 | D:7      | Noticed Crazy Yiuf
  7408 | D:7      | Killed Crazy Yiuf
  7630 | D:8      | Found a radiant altar of Vehumet.
  7681 | D:8      | Became a worshipper of Vehumet
  7807 | D:8      | Found a burning altar of Makhleb.
  7808 | D:8      | Found a deep blue altar of Sif Muna.
  8231 | D:8      | Noticed Erica
  8241 | D:8      | Killed Erica
  8241 | D:8      | Reached skill level 11 in Conjurations
  8241 | D:8      | Reached XP level 10. HP: 69/69 MP: 3/20
  8605 | D:9      | Found Fimaedwi's Food Boutique.
  8671 | D:9      | Found a glowing silver altar of Zin.
  8737 | D:9      | Got a silken robe
  9130 | D:9      | Found a blossoming altar of Fedhas.
  9185 | D:9      | Found a shadowy altar of Dithmenos.
  9385 | D:10     | Entered Level 10 of the Dungeon
  9387 | D:10     | Acquired Vehumet's first power
  9387 | D:10     | Offered knowledge of Freeze by Vehumet.
  9564 | D:10     | Found a staircase to the Lair.
  9691 | D:10     | Reached skill level 12 in Conjurations
  9861 | D:10     | Offered knowledge of Throw Flame by Vehumet.
  9911 | D:10     | Learned a level 2 spell: Throw Flame
 10183 | D:10     | Reached skill level 1 in Fire Magic
 10529 | D:11     | Noticed Erolcha
 10719 | D:11     | Mangled by Erolcha

Dungeon Overview and Level Annotations

Branches:
Dungeon (11/15)            Temple (1/1) D:7            Lair (0/8) D:10
    Orc: D:9-12

Altars:
Ashenzari
Cheibriados
Dithmenos
Elyvilon
Fedhas
Gozag
Kikubaaqudgha
Makhleb
Nemelex Xobeh
Okawaru
Qazlal
Ru
Sif Muna
Trog
Vehumet
Xom
Yredelemnul
Zin
The Shining One

Shops:
D:4 (   D:9 %

Annotations:
D:11 Erolcha


Message History

Use which ability?
You can't do that yet.
Use which ability?
Okay, then.
A puff of flame appears from out of thin air!
The puff of flame hits you!
Casting: Magic Dart
Confirm with . or Enter, or press ? or * to list all spells.
Aiming: Magic Dart
Press: ? - help, Shift-Dir - straight line, f/p - orc warrior
Aim: an orc warrior, wielding a mace and wearing a plate armour (heavily wounded)
The magic dart hits the orc warrior.
The orc warrior is heavily wounded.
Your battlesphere fires!
The barrage of energy hits the orc warrior.
The orc warrior is almost dead.
Your battlesphere expends the last of its energy and dissipates.
Casting: Magic Dart
Confirm with . or Enter, or press ? or * to list all spells.
Aiming: Searing Ray
Press: ? - help, Shift-Dir - straight line, p - orc warrior The searing ray hits the orc warrior.
You kill the orc warrior!
Vehumet accepts your kill.
Your Fire Magic skill increases to level 3!
The searing ray hits something.
The searing ray hits something.
You hear some strange, mumbled words.
A puff of flame appears from out of thin air!
The puff of flame hits you!
The searing ray hits the orc.
You kill the orc!
Vehumet accepts your kill.
You feel your power returning.
You closely miss something. Something hits you!!
Drink which item? (? for menu, Esc to quit)
You feel better.
You have got your breath back.
Something hits you!!
You die...

There were no monsters in sight!

Vanquished Creatures
  Erica (D:8)
  Pikel (D:4)
  A troll (D:10)
  Grinder (D:3)
  A shadow (D:11)
  2 hippogriffs
  A yak (D:10)
  A deep elf fighter (D:10)
  2 water moccasins
  Duvessa (D:4)
  5 orc warriors
  A phantom (D:6)
  A sky beast (D:7)
  7 ogres
  2 ice beasts
  A slave (D:4)
  A big kobold (D:8)
  7 centaurs
  A crocodile (D:10)
  4 giant frogs
  A water moccasin zombie (D:5)
  Dowan (D:4)
  5 scorpions
  5 crimson imps
  A giant frog zombie (D:8)
  A quasit (D:7)
  4 orc priests
  2 hounds
  Crazy Yiuf (D:7)
  Ijyb (D:2)
  2 jellies
  8 orc wizards
  Terence (D:3)
  3 iguanas (D:6)
  8 worker ants
  A hound skeleton (D:6)
  2 worker ant zombies
  Robin (D:3)
  8 adders
  2 shadow imps
  2 oozes
  2 adder skeletons
  An adder zombie (D:6)
  3 worms
  24 orcs
  11 bats
  27 goblins
  8 hobgoblins
  6 jackals
  9 kobolds
  3 ball pythons
  A ball python skeleton (D:4)
  5 giant cockroaches
  5 giant geckos
  A giant gecko zombie (D:6)
  3 giant newts
  3 quokkas
  A quokka skeleton (D:9)
  13 rats
  A fungus (D:7)
229 creatures vanquished.

Vanquished Creatures (others)
  A scorpion (D:4)
  An orc (D:4)
  A giant gecko skeleton (D:4)
  2 fungi (D:10)
5 creatures vanquished.

Grand Total: 234 creatures vanquished

Action                   |  1- 3 |  4- 6 |  7- 9 | 10-12 || total
-------------------------+-------+-------+-------+-------++-------
Melee: Unarmed           |     8 |       |       |       ||     8
       Dagger            |    21 |    83 |     8 |       ||   112
       Scimitar          |       |       |    79 |    18 ||    97
 Cast: Magic Dart        |    44 |    23 |    57 |    70 ||   194
       Searing Ray       |     4 |     6 |    54 |    24 ||    88
       Iskenderun's Batt |       |       |    10 |    13 ||    23
 Abil: Breathe Noxious F |       |       |    14 |     5 ||    19
Evoke: Wand              |       |       |     2 |       ||     2
  Use: Potion            |       |     3 |       |     1 ||     4
 Stab: Sleeping          |     1 |     2 |       |       ||     3
       Paralysed         |       |       |     6 |       ||     6
  Eat: Chunk             |     3 |     4 |    23 |    12 ||    42
       Fruit             |       |       |     2 |       ||     2
       Royal jelly       |       |       |     1 |       ||     1

Vault maps used:
D:1:      dpeg_arrival_solitude, minmay_misc_feat_pillars, kennysheep_crisscross
D:2:      lemuel_coloured_pillars_altar, uniq_iyjb
D:3:      minmay_ogre_servants, uniq_grinder, uniq_terence, uniq_robin
D:4:      nicolae_overflow_crystal_walls, serial_shops, nicolae_shop_stone,
          grunt_decor_cap, moated_statue, kennysheep_generic_room_14,
          uniq_duvessa, uniq_pikel
D:5:      first_bread
D:6:      nicolae_ru_path_of_blood, grunt_gozag_breadcrumbs,
          hangedman_decor_clover_reticule
D:7:      nicolae_overflow_hidden_temple, kennysheep_mini_moat,
          old_standard_altar, overflow_temple_1_default,
          minmay_temple_entry_trees, cheibrodos_ashenzari_chains,
          uniq_crazy_yiuf_cottage
D:8:      lemuel_crystal_altar, gammafunk_temple_overflow_pools, uniq_erica
D:9:      old_standard_altar, nicolae_dithmenos_the_darkroom, serial_shops,
          shop, hangedman_tree_tricks
D:10:     grunt_lair_entry_elf_guard_hut
D:11:     uniq_erolcha, uniq_harold
Temple:   circular_temple_6
